Map: 亚历山大港 - 天梯版

Players

DnS - Winner!

  • Race: Protoss Protoss

EnDerr

  • Race: Zerg Zerg
  • League: Diamond

Event: WESG 2018 Grand Finals

VOD

Have the link to the VOD?

Description

Time

  • Played on: March 12, 2019, 1:45 a.m.
  • Length: 9:14

All games in this series

Show
View Real Time Build Order
Export as new Build Order

DnS Protoss - Winner!

Build Orders: 1 Gate Expand, Oracle Opening, Archon Immortal, Archon Drop 

Get SALT Encoding   

  12  0:00  Probe  
  13  0:13  Probe  
  14  0:20  Pylon  
  14  0:25  Probe  
  15  0:35  Probe  
  16  0:43  Probe, Gateway  
  17  0:52  Probe  
  17  0:56  Assimilator  
  18  1:05  Probe  
  19  1:17  Probe  
  20  1:26  Nexus  
  20  1:37  Cybernetics Core  
  20  1:41  Probe  
  21  1:48  Assimilator  
  21  1:53  Probe  
  22  1:56  Pylon  
  22  2:04  Adept  
  22  2:05  Probe  
  25  2:17  Probe  
  25  2:22  Stargate  
  26  2:29  Probe  
  27  2:32  Warp Gate  
  27  2:36  Adept, Probe  
  29  2:41  Probe  
  31  2:44  Probe  
  32  2:53  Probe  
  32  2:54  Probe  
  32  2:56  Oracle  
  34  3:05  Probe  
  34  3:06  Probe  
  38  3:17  Probe  
  38  3:18  Probe  
  40  3:29  Oracle  
  40  3:30  Probe x2  
  40  3:37  Gateway  
  43  3:42  Probe x2  
  43  3:46  Assimilator  
  45  3:49  Assimilator  
  45  3:53  Pylon  
  45  3:54  Probe  
  46  3:57  Shield Battery  
  46  4:00  Gateway  
  46  4:11  Probe x2  
  46  4:14  Robotics Facility  
  48  4:23  Zealot, Probe x2  
  52  4:32  Twilight Council  
  52  4:35  Probe x2  
  52  4:36  Gateway  
  52  4:37  Gateway  
  54  4:45  Gateway x2  
  54  4:53  Charge  
  54  5:04  Pylon  
  54  5:21  Warp Prism, Templar Archives  
  54  5:22  Pylon, Probe  
  54  5:26  Pylon  
  57  5:29  Adept  
  57  5:30  Zealot  
  61  5:39  Pylon  
  61  5:40  Pylon  
  61  5:49  Stalker  
  63  5:54  Probe  
  63  5:59  Zealot  
  63  6:04  Probe  
  66  6:05  Pylon, Forge  
  66  6:06  Probe  
  66  6:09  High Templar x3  
  66  6:10  High Templar  
  75  6:13  Archon x2  
  75  6:28  Probe  
  75  6:29  Probe, Observer  
  75  6:31  Nexus  
  75  6:32  Pylon  
  77  6:37  Immortal  
  78  6:40  Probe  
  77  6:47  Zealot x2  
  77  6:48  Zealot x4  
  91  7:08  Zealot x6  
  89  7:13  Immortal  
  82  7:37  Zealot x6  
  78  7:43  Immortal  
  78  7:59  Zealot x2  
  78  8:00  Zealot x4  
  90  8:09  Immortal  
  80  8:21  High Templar  
  80  8:22  Nexus, High Templar x3  
  90  8:28  Archon  
  90  8:29  Zealot x2, Archon  
  94  8:43  Gateway  
  94  8:45  Gateway  
  94  8:54  High Templar x4, Zealot  
  94  8:55  Zealot  
  106  8:58  Archon x2  
Show
View Real Time Build Order
Export as new Build Order

EnDerr Zerg 

Build Orders: Hatch First 

Get SALT Encoding   

  12  0:00  Drone  
  13  0:13  Overlord  
  13  0:20  Drone  
  14  0:31  Drone  
  14  0:32  Drone  
  16  0:50  Hatchery  
  16  0:53  Drone  
  16  0:57  Drone  
  16  1:01  Drone  
  18  1:11  Extractor  
  17  1:15  Spawning Pool  
  16  1:19  Drone  
  16  1:22  Drone  
  18  1:28  Drone  
  19  1:40  Drone  
  20  1:54  Drone  
  21  2:02  Queen  
  21  2:03  Queen, Zergling x2  
  21  2:04  Zergling x2  
  27  2:11  Metabolic Boost  
  27  2:14  Drone  
  28  2:17  Overlord  
  28  2:36  Drone x2  
  28  2:37  Drone x2  
  32  2:51  Hatchery  
  32  2:53  Queen  
  33  3:00  Overlord  
  33  3:07  Drone  
  33  3:08  Drone  
  33  3:12  Pneumatized Carapace  
  33  3:15  Drone  
  33  3:22  Zergling x10  
  38  3:32  Overlord  
  38  3:35  Queen  
  40  3:44  Drone x2  
  40  3:47  Drone  
  43  3:50  Drone x3  
  46  3:55  Drone  
  46  3:56  Drone  
  48  4:03  Drone  
  48  4:08  Drone x2  
  48  4:09  Drone  
  51  4:12  Drone x3  
  51  4:15  Lair  
  53  4:19  Spore Crawler  
  52  4:29  Drone  
  52  4:30  Spore Crawler, Drone x5  
  57  4:41  Overlord  
  57  4:42  Roach Warren  
  57  4:43  Overlord  
  56  4:47  Evolution Chamber  
  56  4:48  Spore Crawler  
  51  4:58  Drone x3, Extractor  
  51  4:59  Drone x3, Extractor  
  53  5:00  Drone  
  53  5:10  Overlord  
  53  5:24  Drone  
  53  5:25  Drone x2  
  53  5:26  Drone x4  
  53  5:28  Glial Reconstitution  
  60  5:29  Roach x4  
  60  5:30  Roach  
  60  5:34  Roach  
  72  5:38  Roach x2  
  72  5:40  Overlord  
  73  5:50  Roach x4  
  73  5:56  Roach x2  
  82  6:07  Overlord  
  80  6:14  Roach x5  
  80  6:17  Overlord  
  90  6:28  Drone x4  
  90  6:29  Roach  
  96  6:33  Drone x2  
  96  6:35  Overlord  
  96  6:39  Roach x2  
  102  6:46  Roach  
  102  6:47  Roach  
  105  6:56  Roach x3  
  105  7:00  Roach x2  
  106  7:02  Roach  
  106  7:04  Roach x3  
  106  7:05  Roach  
  108  7:08  Roach  
  108  7:10  Roach  
  108  7:13  Roach  
  102  7:20  Roach  
  88  7:26  Roach  
  68  7:43  Roach  
  68  7:44  Roach x3, Queen  
  68  7:52  Roach  
  68  7:53  Roach x2  
  68  8:01  Roach x3  
  66  8:08  Roach  
  63  8:14  Roach  
  52  8:27  Drone x3  
  52  8:28  Drone x4  
  52  8:31  Evolution Chamber  
  52  8:33  Drone  
  59  8:37  Drone  
  59  8:39  Drone  
  61  8:46  Drone x2  
  65  8:59  Drone  
  65  9:00  Drone  
Tags
 
Add a new tag
Caveats
  • Supply blocks, unpowered buildings, or Contaminate may cause inaccurate times.
  • Supply counts are checked every 10 seconds.